Match 47137163
Unlisted

Match 47137163
End
Royal Engineer Section
Selects Australian Defense Battlegroup
Selects Australian Light Infantry Section
Construct Section Command Post
Dingo Light Scout Car
Infantry Section
Vickers Machine Gun Team
Infantry Section
Grenade Package
Construct Platoon Command Post
Selects 2-pounder Anti-tank Gun Team
2-pounder Anti-tank Gun Team
Infantry Section
Humber Armored Car
Unlock Bishop Self-propelled Artillery
Vickers Machine Gun Team
Bishop Self-propelled Artillery
Selects Vehicle Over Repair
Team Weapon Training
Royal Engineer Section
CMP 15cwt Truck
Selects CMP 15cwt Supply Run
Selects Reinforced Resource Caches
6-pounder Anti-tank Gun Team
hasbuquavious
STEVEBUSMILK
0
0

Comments sign in to comment!

No comments posted yet!